 Dungeon Crawl Stone Soup version 0.19-a0-291-ga637243 (webtiles) character file.

100 Lugonue the Chiller (level 4, 0/34 HPs)
             Began as a Demigod Ice Elementalist on May 27, 2016.
             Slain by an orc
             ... wielding a +0 hand axe of distortion
              (17 damage)
             ... on level 3 of the Dungeon.
             The game lasted 00:07:43 (2127 turns).

Lugonue the Chiller (Demigod Ice Elementalist)      Turns: 2127, Time: 00:07:44

Health: 0/34       AC:  7    Str: 13    XL:     4   Next: 23%
Magic:  5/11       EV: 12    Int: 19    God:
Gold:   36         SH:  0    Dex: 16    Spells: 3 memorised, 2 levels left

rFire  . . .     SeeInvis .     n - +0 spear
rCold  . . .     Gourm    .     a - +0 robe
rNeg   . . .     Faith    .     (no shield)
rPois  .         Spirit   .     (no helmet)
rElec  .         Dismiss  .     (no cloak)
rCorr  .         Reflect  .     (no gloves)
SustAt +         Harm     .     (no boots)
MR     .....                    (no amulet)
Stlth  ++........               (no ring)
                                (no ring)

@: icy armour, slow, not resistant to hostile enchantments, unstealthy
A: high mp 1, sustain attributes
a: no special abilities


You were on level 3 of the Dungeon.
You were not hungry.

You visited 1 branch of the dungeon, and saw 3 of its levels.

You collected 36 gold pieces.

Inventory:

Hand Weapons
 i - a +1 mace of holy wrath
 j - a +0 dagger
 n - a +0 spear (weapon)
Armour
 a - a +0 robe (worn)
 e - a +0 ring mail of fire resistance
Scrolls
 g - a scroll of noise
 h - a scroll of blinking {unknown}
 m - a scroll of remove curse
Potions
 d - 2 potions of heal wounds {unknown}
 f - 2 potions of curing {unknown}
 l - a potion of berserk rage {unknown}
 o - a potion of cure mutation {unknown}
Books
 b - a book of Frost

   Spells                             Type                      Level
   a - Freeze                         Ice                          1
   b - Throw Frost                    Conjuration/Ice              2
   c - Ozocubu's Armour               Charms/Ice                   3
   d - Throw Icicle                   Conjuration/Ice              4
   e - Summon Ice Beast               Ice/Summoning                4
Comestibles
 c - 2 bread rations
 k - a meat ration


   Skills:
 * Level 0.8 Fighting
 * Level 0.1 Polearms
 - Level 1.7 Dodging
 - Level 1.7 Stealth
 + Level 2.9 Spellcasting
 - Level 0.8 Conjurations
 + Level 3.8 Ice Magic


You had 2 spell levels left.
You knew the following spells:

 Your Spells              Type           Power        Failure   Level  Hunger
a - Freeze                Ice            ###.         3%          1    None
b - Throw Frost           Conj/Ice       ##....       10%         2    ##.....
c - Ozocubu's Armour      Chrm/Ice       ##......     21%         3    ###....


Dungeon Overview and Level Annotations

Branches:
Dungeon (3/15)


Innate Abilities, Weirdness & Mutations

You have an increased reservoir of magic. (+10% MP)
Your attributes are resistant to harm.


Message History

Space bends around you.
Casting: Freeze
Confirm with . or Enter, or press ? or * to list all spells.
Aiming: Freeze
Press: ? - help, Shift-Dir - straight line, f/p - orc
Aim: an orc, wielding a hand axe of distortion and wearing a chain mail (moderately wounded)
You freeze the orc.
The orc is heavily wounded.
The orc hits you with a hand axe of distortion.
Space bends around you.
Casting: Freeze
Confirm with . or Enter, or press ? or * to list all spells.
Aiming: Freeze
Press: ? - help, Shift-Dir - straight line, f/p - orc
Aim: an orc, wielding a hand axe of distortion and wearing a chain mail (heavily wounded)
You freeze the orc.
The orc is heavily wounded.
The orc hits you but does no damage. Space warps horribly around you!
Ouch! That really hurt!
You die...

..####...##...
..............
######...##### #######
......†....... .......
######...##### ....... #
#...###### r...... #
#........## .......
######.........###r......
.............._.@ob......
########......####.......
#......# ....... #......#
....... #......# #######
#......# #......#
#......#


You could see an orc, a bat and a rat.

Vanquished Creatures
  An adder (D:3)
  4 gnolls
  An ooze (D:2)
  3 worms (D:2)
  A dart slug (D:1)
  2 ball pythons
  7 bats
  3 giant cockroaches
  4 goblins
  5 hobgoblins
  A quokka (D:2)
  6 giant newts
  A kobold (D:2)
  3 rats
42 creatures vanquished.

Notes
Turn   | Place    | Note
--------------------------------------------------------------
     0 | D:1      | Lugonue the Demigod Ice Elementalist began the quest for the Orb.
     0 | D:1      | Reached XP level 1. HP: 14/14 MP: 5/5
   260 | D:1      | Reached skill level 3 in Ice Magic
   260 | D:1      | Reached XP level 2. HP: 12/20 MP: 0/7
   379 | D:1      | Learned a level 2 spell: Throw Frost
  1037 | D:2      | Found a sacrificial altar of Ru.
  1120 | D:2      | Reached XP level 3. HP: 21/26 MP: 7/9
  1232 | D:2      | Found a glowing golden altar of the Shining One.
  1665 | D:2      | Reached XP level 4. HP: 34/34 MP: 7/11
  1672 | D:2      | Learned a level 3 spell: Ozocubu's Armour
  1716 | D:2      | Found a stormy altar of Qazlal.
  1925 | D:2      | Found an ancient bone altar of Kikubaaqudgha.
  2102 | D:3      | Found a deep blue altar of Sif Muna.
  2127 | D:3      | Slain by an orc

Vault maps used:
D:1:      mrwooster_arrival_statue_2
D:2:      hangedman_ru_absence, overflow_temple_1_default,
          kiku_gazebo_garden_becter, lemuel_round_altar
D:3:      overflow_temple_1_default, grunt_pakellas_basics,
          corexii_corridor_pit, dk_vineyard_2, uniq_sigmund

Skill      XL: |  1 |
---------------+----+-----
Spellcasting   | 2 |  2.9
Ice Magic      | 3 |  3.8
Fighting       | |  0.8
Polearms       | |  0.1
Dodging        | |  1.7
Stealth        | |  1.7
Conjurations   | |  0.8

Action                   |  1- 3 |  4- 6 || total
-------------------------+-------+-------++-------
Melee: Unarmed           |     9 |       ||     9
       Dagger            |    12 |       ||    12
       Spear             |    74 |    15 ||    89
 Cast: Freeze            |    37 |     6 ||    43
       Ozocubu's Armour  |       |     2 ||     2
  Use: Scroll            |     4 |       ||     4
 Stab: Sleeping          |     6 |     1 ||     7
  Eat: Chunk             |     3 |       ||     3
       Beef jerky        |       |     1 ||     1
Armor: Robe              |    27 |     7 ||    34
Dodge: Dodged            |    98 |    16 ||   114
